 Dungeon Crawl Stone Soup version 0.26-a0-812-g31a745ddcd (console) character file.

Game seed: 10958185226273747054

16683 Ignak the Fighter (level 12, -12/124 HPs)
             Began as an Ogre Transmuter on Nov 13, 2020.
             Was a High Priest of Okawaru.
             Mangled by Jorgrun
             ... wielding a +0 vorpal quarterstaff
              (14 damage)
             ... on level 11 of the Dungeon.
             The game lasted 01:02:43 (22460 turns).

Ignak the Fighter (Ogre Transmuter)                Turns: 22460, Time: 01:02:43

Health: -12/124    AC:  7    Str: 24    XL:     12   Next: 40%
Magic:  17/22      EV:  9    Int: 14    God:    Okawaru [*****.]
Gold:   447        SH: 10    Dex:  9    Spells: 6/25 levels left

rFire    . . .     SeeInvis .   H - +6 shillelagh "Devastator" {shatter}
rCold    . . .     Faith    .   m - +0 kite shield
rNeg     + . .     Spirit   .   I - +0 steam dragon scales
rPois    .         Reflect  .   u - +1 hat
rElec    .         Harm     .   (no cloak)
rCorr    .         Rampage  .   (gloves unavailable)
MR       ++...     Clarity  +   (boots unavailable)
Stlth    ..........             p - amulet of the acrobat
HPRegen  0.30/turn              j - ring of positive energy
MPRegen  0.18/turn              i - ring of Ledeuhikk {+Inv MR+ Str+3 Stlth-}

@: grasped by roots, very slightly contaminated, slowed, constricted, very slow
A: large, unfitting armour, antennae 1, blink, clarity, screaming 1, tough skin
1
a: Blink, Heroism, Finesse, Renounce Religion, Evoke Invisibility


You were on level 11 of the Dungeon.
You worshipped Okawaru.
Okawaru was extremely pleased with you.
You visited 2 branches of the dungeon, and saw 13 of its levels.

You collected 903 gold pieces.
You spent 456 gold pieces at shops.

Inventory:

Hand Weapons
 a - a +0 whip of electrocution
 b - a +1 whip of draining
 e - a +1 whip of freezing
 f - a +5 morningstar of venom
 F - a +0 giant spiked club
 H - the +6 shillelagh "Devastator" (weapon) {shatter}
   (Okawaru gifted it to you on level 10 of the Dungeon)
Missiles
 o - 4 throwing nets
 G - 3 poisoned darts (quivered)
Armour
 k - the +1 ice dragon scales "Pikiat Luduc" {+Blink rF- rC++ MR- Str+9 Stlth-}
   (You found it on level 9 of the Dungeon)

   It affects your strength (+9).
   It makes you vulnerable to fire.
   It greatly protects you from cold.
   It affects your resistance to hostile enchantments.
   It lets you blink.
   It makes you less stealthy.
 m - a +0 kite shield (worn)
 u - a +1 hat (worn)
 I - +0 steam dragon scales (worn)
Jewellery
 i - the ring of Ledeuhikk (right hand) {+Inv MR+ Str+3 Stlth-}
   (You found it on level 9 of the Dungeon)

   [ring of attention]

   It affects your strength (+3).
   It affects your resistance to hostile enchantments.
   It lets you turn invisible.
   It makes you less stealthy.
 j - a ring of positive energy (left hand)
 p - an amulet of the acrobat (around neck)
 w - an uncursed ring of fire
Wands
 c - a wand of random effects (34)
 h - a wand of digging (5)
 r - a wand of iceblast (22)
 s - a wand of acid (2)
 v - a wand of enslavement (7)
 D - a wand of paralysis (11)
Scrolls
 d - 5 scrolls of remove curse
 l - 2 scrolls of immolation
 x - a scroll of blinking
 y - 2 scrolls of magic mapping
 C - a scroll of teleportation
 J - a scroll of identify
 K - 2 scrolls of fear
Potions
 g - a potion of flight
 n - 4 potions of brilliance
 q - 4 potions of curing
 t - 2 potions of lignification
 B - 2 potions of haste
 E - a potion of cancellation
Miscellaneous
 A - a condenser vane (inert)


   Skills:
 + Level 9.5 Fighting
 * Level 6.2 Maces & Flails
 * Level 3.1 Armour
 + Level 6.9 Dodging
 * Level 7.8 Shields
 - Level 2.6 Unarmed Combat
 + Level 7.1 Spellcasting
 * Level 4.5 Conjurations
 - Level 5.7 Hexes
 * Level 4.5 Translocations
 - Level 4.0 Transmutations
 - Level 3.1 Invocations


You had 6 spell levels left.
You knew the following spells:

 Your Spells              Type           Power        Failure   Level
a - Beastly Appendage     Tmut           ###...       3%          1
b - Wereblood             Tmut           ###.....     5%          2
c - Spider Form           Tmut/Pois      ##........   24%         3
d - Cause Fear            Hex            ###.......   17%         4
e - Ice Form              Ice/Tmut       ##......     61%         4
f - Blink                 Tloc           N/A          4%          2
g - Mephitic Cloud        Conj/Pois/Air  #.......     28%         3

Your spell library contained the following spells:

 Spells                   Type           Power        Failure   Level
 Magic Dart               Conj           ###.         2%          1
 Slow                     Hex            ###.....     2%          2
 Conjure Flame            Conj/Fire      ##......     22%         3
 Call Imp                 Summ           #.......     26%         2
 Yara's Violent Unravell  Hex/Tmut       ###.......   54%         5
 Blade Hands              Tmut           ###.......   67%         5
 Silence                  Hex/Air        ##........   83%         5
 Discord                  Hex            ###.......   100%        8


Dungeon Overview and Level Annotations

Branches:
Dungeon (12/15)            Temple (1/1) D:7            Lair (0/6) D:11
    Orc (0/2) D:12

Altars:
Ashenzari
Fedhas
Gozag
Hepliaklqana
Kikubaaqudgha
Okawaru
Trog
Uskayaw
Vehumet
Wu Jian
Xom
Yredelemnul
The Shining One

Shops:
D:7 *   D:12 ([

Annotations:
D:11 Jorgrun


Innate Abilities, Weirdness & Mutations

You are too large for most types of armour.
You have tough skin. (AC +1)
You have a pair of small antennae on your head.
You can translocate small distances at will.
You possess an exceptional clarity of mind.
You occasionally shout uncontrollably at your foes.


Message History

Okay, then.
Unknown command.
Casting: Beastly Appendage (safe; 3% risk of failure)
Confirm with . or Enter, or press ? or * to list all spells.
You don't know that spell.
Casting: Beastly Appendage (safe; 3% risk of failure)
Confirm with . or Enter, or press ? or * to list all spells.
You miscast Cause Fear.
You are very lightly contaminated with residual magic.
Strange energies run through your body.
You feel limber!
Your magical effects are unravelling.
You feel yourself slow down.
You feel less wooden.
Your +1 hat unmelds from your body.
Your +0 steam dragon scales unmelds from your body.
Jorgrun gestures at you while chanting.
The wall shatters!
The blast of rock fragments hits you!!!
* * * LOW HITPOINT WARNING * * *
You die...

# ### ..## P..##
######### P...##
#.....g@#
.....#####.......#
.......†.........#
...#######.......#
).## ###.#####
##### ##.# ....#
#####..# ....#
#.....##
....###.#####


You could see Jorgrun.

Vanquished Creatures
  Harold (D:8)
  A boulder beetle (D:11)
  A centaur warrior (D:9)
  2 two-headed ogres (D:10)
  A skeletal warrior (D:9)
  An unseen horror (D:11)
  An ugly thing (D:11)
  Pikel (D:5)
  A deep elf mage (D:9)
  4 cyclopes
  An elephant (D:10)
  2 trolls
  Prince Ribbit (D:6)
  9 yaks
  A wraith (D:9)
  A basilisk (D:11)
  4 wyverns
  A steam dragon (D:11)
  A water moccasin (D:9)
  3 ice beasts
  4 orc warriors
  5 sky beasts
  2 black bears
  2 necrophages
  9 ogres
  11 centaurs
  4 lemures
  2 big kobolds
  4 bullfrogs
  A troll zombie (D:9)
  A wyvern skeleton (D:8)
  4 scorpions
  9 killer bees
  7 wights
  4 howler monkeys
  4 bullfrog zombies
  3 human zombies (D:9)
  7 hounds
  2 orc priests (D:11)
  3 bullfrog skeletons
  2 jellies
  10 orc wizards
  A centaur skeleton (D:6)
  A human skeleton (D:9)
  5 iguanas
  5 worker ants
  An ogre zombie (D:9)
  An ogre skeleton (D:9)
  A hound zombie (D:10)
  A hound skeleton (D:7)
  A mummy (D:9)
  A worker ant zombie (D:11)
  Robin (D:3)
  6 gnolls
  17 adders
  3 shadow imps
  2 white imps
  3 oozes
  An adder skeleton (D:9)
  A worm (D:3)
  2 dart slugs
  4 leopard geckos
  31 orcs
  A ball python (D:3)
  3 giant cockroaches
  12 hobgoblins
  22 jackals
  5 quokkas
  8 bats
  A frilled lizard (D:1)
  A giant cockroach zombie (D:6)
  10 goblins
  17 kobolds
  6 rats
313 creatures vanquished.

Vanquished Creatures (others)
  An orc wizard (D:10)
  A fungus (D:11)
2 creatures vanquished.

Grand Total: 315 creatures vanquished

Notes
Turn   | Place    | Note
-------+----------+-------------------------------------------
     0 | D:1      | Ignak the Ogre Transmuter began the quest for the Orb.
     0 | D:1      | Reached XP level 1. HP: 19/19 MP: 3/3
   137 | D:1      | Reached XP level 2. HP: 8/28 MP: 3/5
   140 | D:1      | Reached skill level 2 in Fighting
   379 | D:1      | Learned a level 2 spell: Wereblood
  1149 | D:1      | Reached XP level 3. HP: 34/36 MP: 6/6
  1354 | D:2      | Found an opulent altar of Gozag.
  2008 | D:2      | Reached XP level 4. HP: 37/44 MP: 6/8
  2331 | D:2      | Reached skill level 1 in Shields
  2343 | D:2      | Learned a level 3 spell: Spider Form
  2492 | D:3      | Reached skill level 3 in Fighting
  2495 | D:3      | Noticed Robin
  2525 | D:3      | Killed Robin
  2850 | D:3      | Found a shimmering altar of Xom.
  2850 | D:3      | Found a shimmering altar of Xom.
  2851 | D:3      | Found a shimmering altar of Xom.
  2851 | D:3      | Found a shimmering altar of Xom.
  2851 | D:3      | Found a shimmering altar of Xom.
  2962 | D:3      | Reached XP level 5. HP: 49/53 MP: 6/9
  3183 | D:3      | Found an iron altar of Okawaru.
  3217 | D:3      | Became a worshipper of Warmaster Okawaru
  3705 | D:3      | Reached skill level 1 in Maces & Flails
  3719 | D:3      | Found a shimmering altar of Xom.
  3720 | D:3      | Found a hazy altar of Hepliaklqana.
  3721 | D:3      | Noticed a spectral ugly thing
  3768 | D:4      | Found an ornate altar of the Wu Jian Council.
  4003 | D:3      | Reached skill level 4 in Fighting
  4003 | D:3      | Reached XP level 6. HP: 31/62 MP: 1/10
  5193 | D:4      | Noticed a sky beast
  5208 | D:4      | Killed a sky beast
  5208 | D:4      | Reached XP level 7. HP: 71/71 MP: 9/12
  5242 | D:4      | Reached * piety under Okawaru
  5453 | D:4      | Found a radiant altar of Vehumet.
  6047 | D:5      | Entered Level 5 of the Dungeon
  6066 | D:5      | Reached skill level 5 in Fighting
  6100 | D:4      | Gained mutation: You have a pair of small antennae on your
                  | head. [potion of mutation]
  6100 | D:4      | Gained mutation: You can translocate small distances at
                  | will. [potion of mutation]
  6100 | D:4      | Gained mutation: You occasionally shout uncontrollably at
                  | your foes. [potion of mutation]
  6100 | D:4      | Gained mutation: You possess an exceptional clarity of
                  | mind. [potion of mutation]
  6153 | D:5      | Found a hide-covered altar of Uskayaw.
  7215 | D:5      | Found a basalt altar of Yredelemnul.
  7297 | D:5      | Noticed Pikel
  7631 | D:5      | Killed Pikel
  7631 | D:5      | Reached ** piety under Okawaru
  7631 | D:5      | Reached skill level 6 in Fighting
  7631 | D:5      | Reached XP level 8. HP: 37/84 MP: 11/14
  8594 | D:6      | Noticed Prince Ribbit
  8605 | D:6      | Killed Prince Ribbit
  8605 | D:6      | Reached skill level 7 in Fighting
  8605 | D:6      | Reached skill level 5 in Dodging
  8605 | D:6      | Reached XP level 9. HP: 14/93 MP: 12/15
  9469 | D:6      | Reached *** piety under Okawaru
  9567 | D:6      | Reached skill level 1 in Invocations
  9982 | D:7      | Found a broken altar of Ashenzari.
 10164 | D:7      | Reached skill level 5 in Spellcasting
 10321 | D:7      | Reached skill level 5 in Shields
 10451 | D:7      | Found a staircase to the Ecumenical Temple.
 10463 | Temple   | Entered the Ecumenical Temple
 10607 | D:7      | Found Esuusm's Assorted Antiques.
 10614 | D:7      | Bought a crooked gold wand for 96 gold pieces
 10614 | D:7      | Bought a metal-bound book for 360 gold pieces
 10621 | D:7      | Learned a level 4 spell: Cause Fear
 10764 | D:7      | Found a bloodstained altar of Trog.
 10978 | D:7      | Reached skill level 1 in Hexes
 10981 | D:7      | Found a glowing golden altar of the Shining One.
 11532 | D:8      | HP: 4/96 [poisoned by a killer bee]
 11537 | D:8      | HP: 4/96 [poisoned by a killer bee]
 11544 | D:8      | HP: 4/96 [poisoned by a killer bee]
 11552 | D:8      | HP: 4/96 [poisoned by a killer bee]
 11922 | D:8      | Learned a level 4 spell: Ice Form
 12134 | D:8      | Gained mutation: You are frail. (-10% HP) [mutagenic glow]
 12148 | D:8      | Lost mutation: You are frail. (-10% HP) [mutagenic glow]
 12525 | D:8      | Reached skill level 8 in Fighting
 12531 | D:8      | Reached **** piety under Okawaru
 12535 | D:8      | Reached XP level 10. HP: 71/104 MP: 11/18
 12925 | D:8      | Noticed Harold
 12946 | D:8      | Killed Harold
 13469 | D:9      | Noticed a cyclops
 13469 | D:9      | Noticed a centaur warrior
 13486 | D:9      | Learned a level 2 spell: Blink
 13490 | D:9      | Learned a level 3 spell: Mephitic Cloud
 13543 | D:9      | Found a blossoming altar of Fedhas.
 14112 | D:9      | Reached skill level 1 in Conjurations
 14112 | D:9      | Reached skill level 1 in Translocations
 14474 | D:9      | Reached ***** piety under Okawaru
 14525 | D:9      | Noticed a deep elf mage
 14528 | D:9      | Noticed a skeletal warrior
 14529 | D:9      | Killed a deep elf mage
 15241 | D:8      | Killed a cyclops
 15426 | D:9      | Killed a skeletal warrior
 15426 | D:9      | Reached skill level 5 in Maces & Flails
 15426 | D:9      | Reached XP level 11. HP: 93/113 MP: 14/20
 15464 | D:9      | Got a steaming lapis lazuli ring
 15466 | D:9      | Got shimmering ice dragon scales
 15582 | D:9      | Identified the cursed +1 ice dragon scales "Pikiat Luduc"
                  | {+Blink rF- rC++ MR- Str+9 Stlth-} (You found it on level 9
                  | of the Dungeon)
 15583 | D:9      | Identified the ring of Ledeuhikk {+Inv MR+ Str+3 Stlth-}
                  | (You found it on level 9 of the Dungeon)
 15789 | D:9      | Found an ancient bone altar of Kikubaaqudgha.
 16160 | D:9      | Killed a centaur warrior
 16578 | D:9      | Reached skill level 1 in Armour
 16808 | D:10     | Entered Level 10 of the Dungeon
 16983 | D:10     | Reached skill level 9 in Fighting
 18289 | D:11     | Noticed a two-headed ogre
 18294 | D:11     | Noticed a two-headed ogre
 18300 | D:10     | Killed a two-headed ogre
 18414 | D:10     | Killed a two-headed ogre
 18414 | D:10     | Received a gift from Okawaru
 18415 | D:10     | Found the +6 shillelagh "Devastator" {shatter}
 19042 | D:11     | Reached skill level 5 in Hexes
 19742 | D:11     | Found a staircase to the Lair.
 19796 | D:11     | Reached XP level 12. HP: 113/122 MP: 20/22
 20078 | D:11     | Noticed a boulder beetle
 20103 | D:11     | Killed a boulder beetle
 20103 | D:11     | Received a gift from Okawaru
 21076 | D:12     | Found Luphak's Armour Boutique.
 21076 | D:12     | Found a staircase to the Orcish Mines.
 21076 | D:12     | Found Hidi's Weapon Boutique.
 21558 | D:12     | Noticed a yaktaur captain
 21979 | D:12     | Noticed Jorgrun
 22460 | D:11     | HP: 2/124 [Jorgrun/blast of rock fragments (40)]
 22460 | D:11     | Mangled by Jorgrun

Illustrated notes

Levels and vault maps discovered:
D:1:      dpeg_arrival_short_road, layout_basic
D:2:      layout_loops_ring, grunt_gozag_statues, palyth_stone_intersect
D:3:      layout_loops_ring, regret_index_temple_of_mockery,
          kennysheep_okawaru_gauntlet, minmay_misc_feat_ornament,
          xom_redecorated, uniq_robin
D:4:      layout_cave_pods, old_standard_altar, lemuel_crystal_altar
D:5:      layout_rooms, overflow_temple_1_default, overflow_temple_1_default,
          uniq_pikel
D:6:      layout_cave_pods, uniq_prince_ribbit1
D:7:      layout_loops_corners, kennysheep_little_box,
          ashenzari_conservatory_becter, nicolae_tso_carved_into_rock,
          temple_fountains, serial_shops, shop
D:8:      layout_basic, uniq_harold
D:9:      layout_roguey, lemuel_mausoleum_altar_kikubaaqudgha,
          fedhas_bush_and_centaur_altar, minmay_misc_feat_roman,
          minmay_diamond_spiral
D:10:     layout_stronghold
D:11:     layout_rooms, david_lair_generic, nrook_campfire
D:12:     minmay_connected_boxes_in_corner, layout_cave_pools, orc_david_3,
          nicolae_trove_entry_diagonal, uniq_jorgrun
Temple:   pf_slime_end_temple

Skill      XL: |  1  2  3  4  5  6  7  8  9 10 11 12 |
---------------+-------------------------------------+-----
Dodging        | 2 3 4 5 6 |  6.9
Fighting       | 2 3 4 6 7 8 9 |  9.5
Transmutations | 2 3 4 |  4.0
Shields        | 1 2 3 4 5 6 7 |  7.8
Spellcasting   | 3 4 5 6 7 |  7.1
Maces & Flails | 1 2 3 5 6 |  6.2
Invocations    | 2 3 |  3.1
Hexes          | 2 4 5 |  5.7
Conjurations   | 2 3 4 |  4.5
Translocations | 2 4 |  4.5
Armour         | 2 3 |  3.1
Unarmed Combat | |  2.6

Action                   |  1- 3 |  4- 6 |  7- 9 | 10-12 || total
-------------------------+-------+-------+-------+-------++-------
Melee: Unarmed           |    25 |    27 |    35 |    87 ||   174
       Kick              |     4 |    20 |    49 |    73 ||   146
       Headbutt          |     3 |     9 |     2 |       ||    14
       Dagger            |    36 |       |       |       ||    36
       Whip              |    56 |   139 |   259 |       ||   454
       Club              |    10 |       |       |       ||    10
       Hand axe          |       |     9 |       |       ||     9
       Morningstar       |       |       |    78 |   284 ||   362
       Punch             |       |       |       |     2 ||     2
       Shillelagh        |       |       |       |   119 ||   119
Throw: Dart              |       |     8 |     2 |     6 ||    16
       Throwing net      |       |       |       |     1 ||     1
 Cast: Beastly Appendage |     7 |    18 |    27 |    39 ||    91
       Spider Form       |       |     3 |     3 |    11 ||    17
       Wereblood         |       |       |     7 |     7 ||    14
       Ice Form          |       |       |     2 |     1 ||     3
       Blink             |       |       |       |     1 ||     1
Invok: Heroism           |       |       |     2 |     6 ||     8
       Finesse           |       |       |       |     1 ||     1
 Abil: Blink             |       |       |     9 |       ||     9
Evoke: Wand              |       |     2 |     7 |     7 ||    16
       Condenser vane    |       |       |       |     1 ||     1
  Use: Potion            |     3 |     1 |    10 |     4 ||    18
       Scroll            |       |     2 |    17 |    10 ||    29
 Stab: Sleeping          |       |     1 |       |     1 ||     2
       Distracted        |       |       |       |     1 ||     1
Armor: Robe              |    58 |    57 |    69 |    75 ||   259
       Skin              |       |     5 |     8 |     6 ||    19
       Steam dragon scal |       |       |       |    14 ||    14
Dodge: Dodged            |    77 |   172 |   257 |   408 ||   914
Block: Kite shield       |       |       |    97 |   215 ||   312

Table legend: (Time is in decaauts)
 A = Elapsed time spent in this place.
 B = Non-inter-level travel time spent in this place.
 C = Inter-level travel time spent in this place.
 D = Time resting spent in this place.
 E = Time spent auto-exploring this place.
 F = Levels seen in this place.
 G = Mean time per level.
                   A        B        C        D        E       F      G
               +--------+--------+--------+--------+--------+-----+--------+
         Total |  22585 |  22354 |    231 |  10186 |   6950 |  13 | 1737.3 |
       Dungeon |  22583 |  22352 |    231 |  10186 |   6950 |  12 | 1881.9 |
        Temple |      1 |      1 |      0 |      0 |      0 |   1 |    1.0 |
               +--------+--------+--------+--------+--------+-----+--------+

Top non-repeatable levels by time:
     D:8: 2981 daAuts
    D:10: 2845 daAuts
     D:4: 2790 daAuts
     D:9: 2444 daAuts
    D:11: 2206 daAuts
     D:3: 1855 daAuts
     D:7: 1710 daAuts
     D:2: 1448 daAuts
     D:5: 1434 daAuts
     D:1: 1329 daAuts
     D:6: 915 daAuts
    D:12: 622 daAuts
  Temple: 1 daAuts
